 Dungeon Sprint DCSS version 0.21-a0-278-ga722497 (webtiles) character file.

132 potatolord6000 the Chopper (level 4, 0/45 HPs)
             Began as a Minotaur Monk on Sept 20, 2017.
             Was a Believer of Okawaru.
             Slain by a mummy (11 damage)
             ... in the Dungeon (Sprint VII: "The Pits").
             The game lasted 00:01:07 (317 turns).

potatolord6000 the Chopper (Minotaur Monk)           Turns: 317, Time: 00:01:08

Health: 0/45       AC:  2    Str: 17    XL:     4   Next: 92%
Magic:  1/5        EV: 15    Int:  7    God:    Okawaru [**....]
Gold:   0          SH:  0    Dex: 12    Spells: 3/3 levels left

rFire    . . .     SeeInvis .   e - +2 hand axe
rCold    . . .     Gourm    .   (no shield)
rNeg     . . .     Faith    .   b - +0 robe
rPois    .         Spirit   .   (helmet restricted)
rElec    .         Reflect  .   (no cloak)
rCorr    .         Harm     .   (no gloves)
MR       .....     NoTele   +   (no boots)
Stlth    ++........             (no amulet)
HPRegen  0.15/turn              (no ring)
MPRegen  0.09/turn              (no ring)

@: no status effects
A: retaliatory headbutt, horns 2
a: Heroism, Renounce Religion


You were in the Dungeon.
You worshipped Okawaru.
Okawaru was pleased with you.
You were not hungry.

You visited 1 branch

Inventory:

Hand Weapons
 e - a +2 hand axe (weapon)
Armour
 b - a +0 robe (worn)
Scrolls
 i - a scroll of blinking
 j - 3 scrolls of remove curse
 k - 5 scrolls of amnesia
 l - a scroll of summoning
Potions
 a - 2 potions of invisibility
 d - a potion of curing
 f - a potion of haste
 g - 4 potions of magic
 h - 3 potions of berserk rage
Comestibles
 c - 8 bread rations
 m - 40 fruits
 n - 7 meat rations


   Skills:
 + Level 6.4 Fighting
 + Level 6.6 Axes
 + Level 5.0 Armour
 + Level 5.8 Dodging
 - Level 1.5 Stealth
 + Level 3.5 Invocations


You had 3 spell levels left.
You didn't know any spells.

Dungeon Overview and Level Annotations

Branches:
Dungeon (1/1)

Altars:
Ashenzari
Cheibriados
Dithmenos
Elyvilon
Fedhas
Gozag
Hepliaklqana
Kikubaaqudgha
Makhleb
Nemelex Xobeh
Okawaru
Qazlal
Ru
Sif Muna
Trog
Uskayaw
Vehumet
Wu Jian
Xom
Yredelemnul
Zin
The Shining One
Beogh
Jiyva
Lugonu


Innate Abilities, Weirdness & Mutations

You reflexively headbutt those who attack you in melee.
You have a pair of horns on your head.


Message History

You completely miss the mummy.
The mummy is lightly damaged.
You hit the jackal. The jackal bites you. The jackal barely misses you.
The mummy hits you!
* * * LOW HITPOINT WARNING * * *
Unknown command.
You slash the mummy!
The mummy is heavily damaged.
You closely miss the jackal. The jackal closely misses you.
You furiously retaliate!
You headbutt the jackal, but do no damage.
Unknown command.
You hit the mummy but do no damage. Your headbutt misses the mummy.
The mummy is heavily damaged.
You closely miss the jackal. The jackal completely misses you.
You furiously retaliate!
You headbutt the jackal!
You kill the jackal!
Okawaru accepts your kill. The mummy hits you!
You die...

#_______...##########
##########'##........
#.?(.')))'.##......#.
##########.##........
#.........†.'........
#+#####'#####......#.
#..#.†#..##........
#..'..'..#####'####
##@####+###.......#
#.M†.....##.......#
#........##.......#
#####+#####...<...#
#.......# #.......#
#.......# #########


You could see a mummy.

Vanquished Creatures
  A floating eye (D)
  A river rat (D)
  An ooze (D)
  An adder zombie (D)
  A leopard gecko (D)
  2 giant cockroaches (D)
  4 jackals (D)
  A ball python (D)
12 creatures vanquished.

Notes
Turn   | Place    | Note
-------+----------+-------------------------------------------
     0 | D        | potatolord6000 the Minotaur Monk began the quest for the Orb.
     0 | D        | Reached XP level 1. HP: 19/19 MP: 0/0
    24 | D        | Reached XP level 2. HP: 10/27 MP: 1/1
    54 | D        | Found a bloodstained altar of Trog.
    54 | D        | Found a deep blue altar of Sif Muna.
    54 | D        | Found a viscous altar of Jiyva.
    54 | D        | Found a hazy altar of Hepliaklqana.
    54 | D        | Found an opulent altar of Gozag.
    55 | D        | Found a glowing golden altar of the Shining One.
    55 | D        | Found a glowing silver altar of Zin.
    55 | D        | Found a basalt altar of Yredelemnul.
    55 | D        | Found a shimmering altar of Xom.
    55 | D        | Found an ornate altar of the Wu Jian Council.
    55 | D        | Found a sacrificial altar of Ru.
    55 | D        | Found a stormy altar of Qazlal.
    55 | D        | Found an iron altar of Okawaru.
    55 | D        | Found a sparkling altar of Nemelex Xobeh.
    55 | D        | Found a burning altar of Makhleb.
    55 | D        | Found a blossoming altar of Fedhas.
    55 | D        | Found a white marble altar of Elyvilon.
    55 | D        | Found a shadowy altar of Dithmenos.
    55 | D        | Found a snail-covered altar of Cheibriados.
    57 | D        | Found a radiant altar of Vehumet.
    57 | D        | Found a corrupted altar of Lugonu.
    57 | D        | Found a roughly hewn altar of Beogh.
    59 | D        | Found an ancient bone altar of Kikubaaqudgha.
    59 | D        | Found a hide-covered altar of Uskayaw.
    59 | D        | Found a shattered altar of Ashenzari.
    65 | D        | Became a worshipper of Warmaster Okawaru
    65 | D        | Reached * piety under Okawaru
    65 | D        | Reached ** piety under Okawaru
   299 | D        | Reached skill level 1 in Invocations
   307 | D        | Noticed a floating eye
   309 | D        | Reached skill level 5 in Axes
   311 | D        | Killed a floating eye
   311 | D        | Reached skill level 5 in Armour
   311 | D        | Reached skill level 5 in Dodging
   311 | D        | Reached XP level 3. HP: 35/38 MP: 1/4
   311 | D        | Reached XP level 4. HP: 42/45 MP: 1/5
   317 | D        | Slain by a mummy

Vault maps used:
D:        pitsprint

Skill      XL: |  1  2 |
---------------+-------+-----
Fighting       | 4 6 |  6.4
Axes           | 4 6 |  6.6
Armour         | 2 5 |  5.0
Dodging        | 5 |  5.8
Invocations    | 3 |  3.5
Stealth        | |  1.5

Action                   |  1- 3 |  4- 6 || total
-------------------------+-------+-------++-------
Melee: Hand axe          |    27 |     6 ||    33
       Headbutt          |     2 |       ||     2
  Use: Potion            |     1 |       ||     1
 Stab: Sleeping          |     3 |       ||     3
Armor: Robe              |     2 |     1 ||     3
Dodge: Dodged            |    17 |     8 ||    25

Table legend:
 A = Spawn XP
 B = Non-spawn XP
 C = Spawn XP percentage of total XP
 D = Spawn monster count
 E = Non-spawn monster count
 F = Spawn count percentage of total count
 G = Total turns spent on level
                    A         B        C        D         E        F      G
               +---------+---------+-------+---------+---------+-------+---------
         Total |       0 |     189 |   0.0 |       0 |      12 |   0.0 |   317
               +---------+---------+-------+---------+---------+-------+---------
             D |       0 |     189 |   0.0 |       0 |      12 |   0.0 |   317
               +---------+---------+-------+---------+---------+-------+---------
